Map: Moonlight Madness LE (Void)

Players

Mental - Winner!

  • Race: Zerg Zerg
  • League: Bronze

wabbajack

  • Race: Zerg Zerg
  • League: Bronze

VOD

Have the link to the VOD?

Description

Time

  • Played on: July 16, 2015, 3:51 p.m.
  • Length: 7:22
Show
View Real Time Build Order
Export as new Build Order

Mental Zerg - Winner!

Build Orders: Hatch First 

Get SALT Encoding   

  12  0:01  Drone  
  13  0:09  Drone  
  14  0:18  Overlord  
  14  0:36  Drone x3  
  17  0:53  Hatchery  
  16  1:07  Spawning Pool  
  16  1:10  Drone  
  16  1:14  Extractor  
  15  1:18  Drone  
  15  1:19  Drone  
  17  1:27  Overlord  
  17  1:41  Drone  
  18  1:50  Drone  
  19  1:54  Queen  
  19  1:58  Drone  
  22  2:05  Queen  
  22  2:07  Zergling x2  
  25  2:12  Drone  
  26  2:17  Drone x2  
  28  2:26  Drone  
  29  2:30  Metabolic Boost, Overlord  
  29  2:37  Drone x2  
  31  2:49  Overlord  
  31  2:50  Drone  
  31  3:03  Drone x2  
  33  3:06  Drone  
  33  3:07  Drone x3  
  33  3:10  Extractor  
  33  3:11  Extractor  
  35  3:16  Drone x3, Roach Warren  
  35  3:17  Drone  
  38  3:20  Drone  
  39  3:28  Drone  
  39  3:29  Drone x2  
  42  3:38  Zergling x10  
  47  3:48  Drone x2  
  47  3:49  Drone  
  50  3:57  Lair  
  50  4:09  Overlord  
  50  4:10  Overlord x2  
  50  4:29  Roach x8  
  51  5:03  Roach x2  
  51  5:04  Roach x8  
  69  5:11  Drone x3  
  71  5:17  Drone x3  
  72  5:28  Drone x2, Spine Crawler  
  73  5:33  Glial Reconstitution  
  73  5:35  Roach  
  75  5:46  Overlord x2  
  75  5:58  Overlord x3  
  75  6:12  Drone  
  75  6:13  Drone x7  
  75  6:14  Drone  
  69  6:30  Spine Crawler x2  
  69  6:33  Roach x5  
  77  6:45  Roach x3  
  83  6:50  Drone x2  
  85  6:58  Roach x3  
Show
View Real Time Build Order
Export as new Build Order

wabbajack Zerg 

Build Orders: Hatch First 

Get SALT Encoding   

  12  0:01  Drone  
  13  0:15  Overlord  
  13  0:27  Drone  
  14  0:31  Drone, Extractor  
  15  0:35  Drone  
  16  0:53  Hatchery  
  15  0:57  Extractor  
  14  1:10  Spawning Pool  
  13  1:12  Drone  
  13  1:15  Drone  
  15  1:19  Drone  
  16  1:26  Drone  
  17  1:38  Evolution Chamber  
  16  1:42  Overlord  
  16  1:57  Queen  
  18  2:04  Zerg Melee Weapons Level 1  
  18  2:11  Queen  
  20  2:23  Drone x2  
  20  2:25  Drone  
  23  2:38  Metabolic Boost  
  23  2:54  Zergling x2  
  23  2:55  Zergling x2  
  23  2:56  Zergling x2  
  23  2:57  Drone x2  
  23  2:58  Drone  
  29  3:26  Overlord  
  29  3:29  Zergling x8  
  29  3:30  Zergling x6  
  36  3:44  Overlord x2  
  36  3:48  Roach Warren  
  35  4:03  Overlord  
  35  4:12  Drone x7, Extractor  
  41  4:28  Zergling x10  
  37  5:00  Zergling x18  
  37  5:05  Extractor  
  37  5:06  Extractor  
  39  5:10  Spine Crawler  
  23  6:29  Drone  
  23  6:30  Drone x7, Roach Warren  
  29  6:40  Spine Crawler  
  29  6:41  Spine Crawler  
  29  6:43  Spine Crawler  
  29  6:46  Spine Crawler  
Tags
 
Add a new tag
Caveats
  • Supply blocks, unpowered buildings, or Contaminate may cause inaccurate times.
  • Supply counts are checked every 10 seconds.